Map: Coda LE (Void)

Players

Bop - Winner!

  • Race: Zerg Zerg

卓柏卡布拉

  • Race: Protoss Protoss

VOD

Have the link to the VOD?

Description

Time

  • Played on: May 3, 2015, 4:47 a.m.
  • Length: 9:28
Show
View Real Time Build Order
Export as new Build Order

Bop Zerg - Winner!

Build Orders: Hatch First, Lurkers, Swarm Host 

Get SALT Encoding   

  12  0:01  Drone  
  13  0:13  Overlord  
  13  0:19  Drone  
  14  0:31  Drone x2  
  14  0:35  Drone  
  17  0:45  Drone  
  18  0:57  Hatchery  
  17  1:06  Drone  
  17  1:07  Extractor  
  17  1:18  Spawning Pool  
  16  1:19  Drone  
  16  1:23  Drone  
  18  1:32  Drone  
  19  1:40  Drone  
  20  2:05  Queen  
  22  2:09  Queen, Zergling x4  
  22  2:11  Metabolic Boost  
  22  2:15  Overlord  
  26  2:19  Drone  
  26  2:20  Drone  
  28  2:34  Drone  
  28  2:35  Drone x2  
  31  2:42  Overlord  
  32  2:44  Drone  
  32  2:47  Lair  
  32  2:52  Drone  
  33  3:01  Drone  
  33  3:03  Queen  
  36  3:06  Drone x2  
  38  3:14  Drone x4  
  41  3:30  Drone x2  
  41  3:32  Overlord, Extractor  
  42  3:45  Hatchery  
  42  3:47  Drone x2  
  42  3:48  Infestation Pit  
  42  3:50  Extractor  
  41  3:56  Drone x3  
  41  3:57  Drone x4  
  48  4:04  Zergling x2  
  48  4:10  Zergling x4  
  48  4:15  Overseer  
  50  4:18  Zergling x4  
  50  4:19  Overlord x2  
  52  4:39  Swarm Host x3  
  61  4:48  Swarm Host  
  61  4:51  Zergling x8  
  68  4:56  Queen  
  67  5:02  Zergling x8  
  65  5:16  Swarm Host, Queen  
  68  5:24  Zergling x2  
  68  5:25  Zergling x10  
  70  5:47  Swarm Host  
  73  5:53  Overlord x2  
  73  6:03  Hydralisk Den  
  70  6:11  Overlord x2  
  70  6:13  Queen  
  70  6:14  Queen x2  
  75  6:19  Lurker Den  
  74  6:28  Swarm Host x2  
  74  6:42  Swarm Host  
  74  6:43  Zergling x2  
  74  6:44  Zergling x8  
  82  6:50  Burrow  
  82  6:51  Zergling x8  
  86  6:58  Overlord  
  86  7:10  Hydralisk x4  
  86  7:13  Overlord  
  93  7:21  Overlord  
  93  7:32  Drone x4  
  93  7:33  Drone x5  
  102  7:40  Overlord x2  
  102  8:04  Lurker x4  
  105  8:06  Drone x7  
  105  8:07  Extractor  
  105  8:08  Extractor  
  105  8:10  Extractor  
  109  8:14  Zergling x18  
  109  8:18  Evolution Chamber  
  117  8:29  Overlord  
  117  8:32  Drone x2  
  117  8:33  Drone x4  
  123  8:53  Overseer  
  123  8:55  Overseer  
  121  8:56  Evolution Chamber  
Show
View Real Time Build Order
Export as new Build Order

卓柏卡布拉 Protoss 

Build Orders:  

Get SALT Encoding   

  12  0:01  Probe  
  14  0:17  Pylon  
  14  0:18  Probe  
  14  0:35  Probe (Chrono Boost)  
  14  0:41  Gateway  
  15  0:46  Probe (Chrono Boost)  
  15  0:48  Assimilator  
  16  0:52  Probe  
  17  0:57  Assimilator  
  17  1:05  Probe (Chrono Boost)  
  17  1:08  Pylon  
  18  1:16  Probe (Chrono Boost)  
  19  1:23  Probe (Chrono Boost)  
  20  1:28  Cybernetics Core  
  20  1:34  Probe (Chrono Boost)  
  21  1:46  Probe (Chrono Boost)  
  22  1:53  Probe (Chrono Boost)  
  23  2:05  Nexus  
  23  2:11  Mothership Core  
  23  2:15  Warp Gate (Chrono Boost)  
  25  2:24  Pylon  
  25  2:28  Adept  
  27  2:32  Probe  
  28  2:44  Probe  
  28  2:49  Gateway  
  29  2:57  Gateway  
  29  3:00  Probe  
  30  3:11  Gateway  
  30  3:13  Probe (Chrono Boost)  
  31  3:22  Probe (Chrono Boost)  
  31  3:23  Pylon  
  33  3:32  Probe x2 (Chrono Boost)  
  33  3:33  Sentry  
  36  3:38  Probe (Chrono Boost)  
  37  3:44  Probe (Chrono Boost)  
  42  3:56  Probe x2 (Chrono Boost)  
  42  4:00  Pylon  
  39  4:12  Probe  
  39  4:13  Probe  
  41  4:19  Adept x4  
  49  4:24  Probe  
  49  4:25  Probe  
  49  4:29  Pylon  
  51  4:36  Probe  
  51  4:38  Probe  
  53  4:40  Adept x3  
  53  4:41  Adept  
  61  4:46  Pylon  
  61  4:49  Probe, Robotics Facility  
  62  5:08  Adept  
  62  5:09  Adept x3  
  62  5:10  Probe x2  
  64  5:29  Adept x4  
  64  5:30  Probe  
  64  5:31  Probe  
  64  5:34  Assimilator  
  74  5:37  Assimilator  
  72  5:44  Probe  
  72  5:47  Probe  
  72  5:53  Stalker  
  72  5:54  Stalker x2, Stargate  
  72  5:55  Pylon  
  78  5:59  Probe  
  71  6:07  Observer (Chrono Boost)  
  70  6:12  Probe  
  70  6:15  Forge  
  70  6:16  Twilight Council  
  63  6:27  Stalker x3  
  67  6:35  Protoss Ground Weapons Level 1  
  67  6:40  Probe  
  67  6:42  Robotics Bay  
  67  6:45  Probe  
  69  6:52  Probe  
  70  6:57  Gateway x2, Observer (Chrono Boost)  
  70  7:00  Gateway  
  71  7:06  Blink (Chrono Boost)  
  71  7:11  Probe  
  71  7:15  Observer (Chrono Boost)  
  73  7:18  Probe  
  73  7:20  Zealot x2  
  78  7:24  Pylon  
  78  7:25  Probe  
  78  7:27  Pylon  
  79  7:33  Nexus  
  79  7:35  Probe, Colossus (Chrono Boost)  
  80  7:41  Pylon  
  86  7:45  Probe  
  86  7:47  Probe  
  88  7:55  Stalker x4  
  90  8:14  Nexus  
  90  8:27  Probe  
  90  8:28  Pylon  
  91  8:34  Assimilator  
  91  8:38  Assimilator  
  91  8:45  Pylon  
  91  8:47  Pylon  
  97  8:59  Probe  
  90  9:11  Stalker x2  
  90  9:12  Stalker  
  84  9:20  Stalker  
  84  9:23  Stalker  
Tags
 
Add a new tag
Caveats
  • Supply blocks, unpowered buildings, or Contaminate may cause inaccurate times.
  • Supply counts are checked every 10 seconds.